 Dungeon Crawl Stone Soup version 0.30.1-4-g462c640d31 (webtiles) character file.

Game seed: 15731257367474423186

1444734 LordWeiramon the Invulnerable (level 27, 280/280 HPs)
             Began as an Armataur Summoner on Sept 12, 2023.
             Was the Champion of Cheibriados.
             Escaped with the Orb
             ... and 3 runes!
             The game lasted 05:21:10 (101964 turns).

LordWeiramon the Invulnerable (Armataur Summoner) Turns: 101964, Time: 05:21:10

Health: 280/280    AC: 52    Str: 47      XL:     27
Magic:  2/24       EV: 22    Int: 33      God:    Cheibriados [******]
Gold:   5599       SH: 28    Dex: 28 (29) Spells: 26/29 levels left

rFire   + . .        a - +9 demon trident (freeze)
rCold   + + +        R - +0 tower shield
rNeg    + + .        l - +8 storm dragon scales {Bai Suzhen}
rPois   +            z - +0 helmet of Bitalire {rElec rC++ rCorr Int+2}
rElec   +            L - +2 cloak {rPois}
rCorr   +            V - +3 Mad Mage's Maulers {Infuse+∞ VampMP -Cast}
SInv    +            g - +4 barding {Fly}
Will    ++...        u - amulet "Xoph" {Reflect rCorr SH+5} Stlth
                     i - ring "Cettizua" {Contam rF+ rC+ Dex+2}
HPRegen 0.66/turn    c - ring of Fyudui Ofao {rPois rN++ Str+6 Slay+2 SInv}
MPRegen 0.19/turn

%: no spellcasting, reflection, roll, infuse magic (2 MP)
@: flying, very slow
A: large, rugged brown scales 3, deformed body, armoured tail, roll, long
tongue, awkward tongue, low MP 1, robust 1, screaming 1, evolution 1
0: Orb of Zot
}: 3/15 runes: decaying, silver, gossamer
a: Renounce Religion, Bend Time, Temporal Distortion, Slouch, Step From Time


You escaped.
You worshipped Cheibriados.
Cheibriados was exalted by your worship.
You visited 11 branches of the dungeon, and saw 50 of its levels.
You visited the Abyss 1 time.
You also visited: Ice Cave.

You collected 10102 gold pieces.
You spent 4503 gold pieces at shops.

Inventory:

Hand Weapons
 a - a +9 demon trident of freezing (weapon)
 b - the +8 demon trident "Rift" {distort, reach+}
   (You took it off a deep elf demonologist on level 5 of the Vaults)
Missiles
 y - 39 boomerangs (quivered)
 K - 8 silver javelins
 N - 3 javelins
 Z - 3 throwing nets
Armour
 g - a +4 barding of flying (worn)
 k - +9 gold dragon scales
 l - +8 storm dragon scales (worn) {Bai Suzhen}
 z - the +0 helmet of Bitalire (worn) {rElec rC++ rCorr Int+2}
   (You found it on level 3 of the Elven Halls)

   Int:       It affects your intelligence (+2).
   rC:        It greatly protects you from cold.
   rElec:     It insulates you from electricity.
   rCorr:     It protects you from acid and corrosion.
 L - a +2 cloak of poison resistance (worn)
 R - a +0 tower shield (worn)
 V - the +3 Mad Mage's Maulers (worn) {Infuse+∞ VampMP -Cast}
   (You bought it in a shop on level 2 of the Dungeon)

   Infuse+∞: It empowers its wearer's blows with all of their magic.
   VampMP:    Blows struck in melee replenish the wearer's magic.
   -Cast:     It prevents spellcasting.
Jewellery
 c - the ring of Fyudui Ofao (right hand) {rPois rN++ Str+6 Slay+2 SInv}
   (You took it off a vault warden on level 5 of the Vaults)

   [ring of strength]

   Str:       It affects your strength (+6).
   Slay:      It affects your accuracy & damage with ranged weapons and melee
   (+2).
   rPois:     It protects you from poison.
   rN:        It greatly protects you from negative energy.
   SInv:      It lets you see invisible.
 d - the ring "Fuole" {rElec rPois rF+ rN+ Int+2}
   (You took it off an ancient champion on level 2 of the Crypt)

   [ring of positive energy]

   Int:       It affects your intelligence (+2).
   rF:        It protects you from fire.
   rElec:     It insulates you from electricity.
   rPois:     It protects you from poison.
   rN:        It protects you from negative energy.
 i - the ring "Cettizua" (left hand) {Contam rF+ rC+ Dex+2}
   (You bought it in a shop on level 2 of the Orcish Mines)

   [ring of protection from fire]

   Dex:       It affects your dexterity (+2).
   rF:        It protects you from fire.
   rC:        It protects you from cold.
   Contam:    It causes magical contamination when unequipped.
 p - the ring "Bypp" {Will+ rCorr}
   (You took it off a deep elf sorcerer on level 3 of the Elven Halls)

   [ring of resist corrosion]

   rCorr:     It protects you from acid and corrosion.
   Will:      It increases your willpower.
 u - the amulet "Xoph" (around neck) {Reflect rCorr SH+5}
   (You acquired it in an ice cave)

   [amulet of reflection]

   It reflects blocked missile attacks.
   rCorr:     It protects you from acid and corrosion.
   SH:        It affects your SH (+5).
Wands
 o - a wand of mindburst (19)
 A - a wand of roots (69)
 F - a wand of polymorph (26)
 H - a wand of quicksilver (52)
 P - a wand of paralysis (40)
 X - a wand of digging (1)
Scrolls
 h - 6 scrolls of fear
 m - 12 scrolls of teleportation
 q - a scroll of enchant weapon
 t - 2 scrolls of fog
 v - 9 scrolls of magic mapping
 w - 3 scrolls of blinking
 E - 8 scrolls of butterflies
 M - 2 scrolls of brand weapon
 Q - a scroll of silence
 W - 7 scrolls of poison
Potions
 f - 13 potions of flight
 j - 6 potions of magic
 r - 22 potions of curing
 x - 8 potions of brilliance
 B - 5 potions of berserk rage
 C - 7 potions of attraction
 G - 14 potions of ambrosia
 I - 12 potions of heal wounds
 J - 2 potions of invisibility
 S - 3 potions of might
 T - 9 potions of mutation
 U - 5 potions of cancellation
 Y - 8 potions of resistance
Miscellaneous
 e - a phantom mirror
 n - a condenser vane (inert)
 s - a lightning rod (4/4)
 D - a box of beasts
 O - a phial of floods


   Skills:
 + Level 18.4 Fighting
 - Level 20.0 Polearms
 - Level 16.0 Throwing
 O Level 27 Armour
 - Level 19.1 Dodging
 - Level 2.1 Stealth
 - Level 15.0 Shields
 - Level 1.7 Spellcasting
 - Level 3.2 Summonings
 - Level 5.2 Invocations
 - Level 11.0 Evocations


You had 26 spell levels left.
You knew the following spells:

 Your Spells              Type           Power      Damage    Failure   Level
b - Blink                 Tloc           4%         N/A       26%         2
g - Apportation           Tloc           4%         N/A       17%         1

Your spell library contained the following spells:

 Spells                   Type           Power      Damage    Failure   Level
 Summon Small Mammal      Summ           96%        N/A       4%          1
 Call Imp                 Summ           48%        N/A       7%          2
 Call Canine Familiar     Summ           24%        N/A       14%         3
 Foxfire                  Conj/Fire      8%         2x1d4     17%         1
 Freeze                   Ice            8%         1d3       17%         1
 Kiss of Death            Conj/Necr      8%         2d6       17%         1
 Magic Dart               Conj           8%         1d3       17%         1
 Necrotise                Necr           8%         1d4       17%         1
 Ensorcelled Hibernation  Hex/Ice        4%         N/A       26%         2
 Lesser Beckoning         Tloc           4%         N/A       26%         2
 Momentum Strike          Conj/Tloc      4%         3d8       26%         2
 Passwall                 Tmut/Erth      1%         N/A       26%         2
 Scorch                   Fire           4%         2d5       26%         2
 Searing Ray              Conj           4%         2d4       26%         2
 Static Discharge         Conj/Air       4%         2-3/arc   26%         2
 Sublimation of Blood     Necr           2%         N/A       26%         2
 Wereblood                Tmut           2%         N/A       26%         2
 Summon Guardian Golem    Hex/Summ       13%        N/A       26%         3
 Confusing Touch          Hex            2%         N/A       45%         3
 Dazzling Flash           Conj/Hex       4%         N/A       45%         3
 Frozen Ramparts          Ice            4%         1d1       45%         3
 Gell's Gravitas          Tloc           2%         N/A       45%         3
 Hailstorm                Conj/Ice       2%         3d3       45%         3
 Ignite Poison            Fire/Tmut/Pois 2%         N/A       45%         3
 Inner Flame              Hex/Fire       2%         N/A       45%         3
 Portal Projectile        Hex/Tloc       4%         N/A       45%         3
 Stone Arrow              Conj/Erth      4%         3d7       45%         3
 Swiftness                Air            2%         N/A       45%         3
 Teleport Other           Tloc           2%         N/A       45%         3
 Tukima's Dance           Hex            2%         N/A       45%         3
 Volatile Blastmotes      Fire/Tloc      4%         2d10      45%         3
 Animate Armour           Summ/Erth      26%        N/A       65%         4
 Summon Ice Beast         Ice/Summ       13%        N/A       65%         4
 Summon Lightning Spire   Summ/Air       13%        N/A       65%         4
 Airstrike                Air            1%         2d(1-17)  86%         4
 Anguish                  Hex/Necr       1%         N/A       86%         4
 Animate Dead             Necr           2%         N/A       86%         4
 Cause Fear               Hex            1%         N/A       86%         4
 Dispel Undead            Necr           2%         3d7       86%         4
 Flame Wave               Conj/Fire      2%         2d4       86%         4
 Fulminant Prism          Conj/Hex       1%         3d5       86%         4
 Ice Form                 Ice/Tmut       2%         N/A       86%         4
 Iskenderun's Mystic Bla  Conj/Tloc      2%         2d3       86%         4
 Leda's Liquefaction      Hex/Erth       1%         N/A       86%         4
 Manifold Assault         Tloc           2%         N/A       86%         4
 Olgreb's Toxic Radiance  Pois           2%         N/A       86%         4
 Passage of Golubria      Tloc           2%         N/A       86%         4
 Sticky Flame             Conj/Fire      2%         2d3       86%         4
 Summon Forest            Summ/Tloc      6%         N/A       94%         5
 Summon Mana Viper        Hex/Summ       13%        N/A       94%         5
 Agony                    Necr           2%         N/A       99%         5
 Blade Hands              Tmut           1%         N/A       99%         5
 Fireball                 Conj/Fire      1%         3d3       99%         5
 Irradiate                Conj/Tmut      1%         3d12      99%         5
 Iskenderun's Battlesphe  Conj           2%         2d6       99%         5
 Lee's Rapid Deconstruct  Erth           1%         3d4*      99%         5
 Silence                  Hex/Air        1%         N/A       99%         5
 Yara's Violent Unravell  Hex/Tmut       1%         3d3       99%         5
 Conjure Ball Lightning   Conj/Air       1%         3x3d6     100%        6
 Dispersal                Tloc           1%         N/A       100%        6
 Eringya's Noxious Bog    Tmut/Pois      1%         N/A       100%        6
 Iron Shot                Conj/Erth      1%         9d1       100%        6
 Plasma Beam              Fire/Air       1%         2x1d12    100%        6
 Simulacrum               Ice/Necr       1%         N/A       100%        6
 Starburst                Conj/Fire      1%         6d3       100%        6
 Summon Cactus Giant      Summ           12%        N/A       100%        6
 Dragon Form              Tmut           1%         N/A       100%        7
 Enfeeble                 Hex            1%         N/A       100%        7
 Haunt                    Necr/Summ      6%         N/A       100%        7
 Monstrous Menagerie      Summ           12%        N/A       100%        7
 Orb of Destruction       Conj           1%         9d5       100%        7
 Spellforged Servitor     Conj/Summ      6%         N/A       100%        7
 Storm Form               Tmut/Air       1%         N/A       100%        7
 Summon Hydra             Summ           12%        N/A       100%        7
 Discord                  Hex            1%         N/A       100%        8
 Disjunction              Tloc           1%         N/A       100%        8
 Ignition                 Fire           1%         3d3       100%        8
 Infestation              Necr           1%         N/A       100%        8
 Lehudib's Crystal Spear  Conj/Erth      1%         10d2      100%        8
 Maxwell's Capacitive Co  Air            1%         ∞         100%        8
 Dragon's Call            Summ           12%        N/A       100%        9


Dungeon Overview and Level Annotations

Branches:
Dungeon (15/15)            Temple (1/1) D:7            Lair (5/5) D:8
  Swamp (4/4) Lair:3       Spider (4/4) Lair:3        Slime (0/5) Lair:4
    Orc (2/2) D:12            Elf (3/3) Orc:2        Vaults (5/5) D:13
  Crypt (2/3) Vaults:2     Depths (4/4) D:15            Zot (5/5) Depths:4
  IceCv (visited)

Altars:
Ashenzari
Cheibriados
Dithmenos
Elyvilon
Fedhas
Gozag
Hepliaklqana
Kikubaaqudgha
Makhleb
Nemelex Xobeh
Okawaru
Qazlal
Ru
Sif Muna
Trog
Uskayaw
Vehumet
Wu Jian
Xom
Yredelemnul
Zin
The Shining One
Jiyva

Shops:
D:2 [   D:9 ![   Orc:2 ==[!   Elf:2 ?!   Elf:3 :   Vaults:3 (   Vaults:5 [
Depths:2 =   Depths:3 !([[   Depths:4 *

Portals:
Hell: Depths:1 Depths:2 Depths:3 Depths:4
Abyss: Vaults:3 Depths:1 Depths:3
Pandemonium: Depths:2 Depths:3 Depths:4
Ziggurat: Depths:3
Trove: D:11 (show abyssal rune of Zot)

Annotations:
Temple 2 transporters


Innate Abilities, Weirdness & Mutations

You are completely covered in rugged brown scales. (AC +3, +7% HP)
Armour fits poorly on your strangely shaped body.
You have a long armoured tail.
You roll when moving toward enemies. (Rampage)
Your long tongue fully drains potion bottles. (2x potion effects)
Your tongue gives you trouble enunciating. (1.5x scroll delay)
Your magical capacity is low. (-10% MP)
You are robust. (+10% HP)
You occasionally shout uncontrollably at your foes.
You have hidden genetic potential.


Message History

You freeze the large abomination!
The large abomination is severely damaged.
You impale the large abomination!! You freeze the large abomination!
You destroy the large abomination!
Cheibriados thoroughly appreciates the change of pace.
(D) Dungeon (T) Temple (L) Lair (S) Swamp (N) Spider Nest (M) Slime Pits (O) Orcish Mines (E) Elven Halls (V) Vaults (C) Crypt (U) Depths (H) Hell (Z) Zot
Where to? (Enter - D:1 @ (x,y), ? - help)
A large abomination comes into view.
You reach to attack!
You impale the large abomination!! You freeze the large abomination.
The large abomination is moderately damaged.
You reach to attack!
You puncture the large abomination! You freeze the large abomination.
The large abomination is severely damaged.
You impale the large abomination!! You freeze the large abomination.
You destroy the large abomination!
Cheibriados appreciates the change of pace.
(D) Dungeon (T) Temple (L) Lair (S) Swamp (N) Spider Nest (M) Slime Pits (O) Orcish Mines (E) Elven Halls (V) Vaults (C) Crypt (U) Depths (H) Hell (Z) Zot
Where to? (Enter - D:1 @ (x,y), ? - help)
A tormentor comes into view.
The tormentor moves out of view.
There is an open door here.
You puncture the tormentor! You freeze the tormentor.
The tormentor is moderately wounded.
You block the tormentor's attack. x2
You impale the tormentor!! You freeze the tormentor.
The tormentor is almost dead.
You block the tormentor's attack. x2
You hit the tormentor. You freeze the tormentor.
You kill the tormentor!
Cheibriados thoroughly appreciates the change of pace.
There is a dry fountain here.
There is a staircase leading out of the dungeon here.
You have escaped!

##.........#...##########........
#...)###................#.#######
#....+....#############.#.# #....
#....###................#.# #####
#....#........#####.....#.#
#....#........#...#.......#
#....#......###.⌠.###...###
######......#.......#...#
............'.⌠.@.⌠.+...#
######......#.......#...# #
#......###.⌠.###...# #
#........#.[.#.....#
#########.....#####.....#
........#...............#
#######.#.####.........)# ...#
#.#.####.......#.># ...#
#.#.....†........)#


There were no monsters in sight!

Vanquished Creatures
  3 ancient liches
  2 dread liches
  8 orbs of fire
  Sojobo (Crypt:2)
  Vv (Zot:4)
  Saint Roka (Orc:2)
  Parghit (Zot:4)
  3 Killer Klowns
  Bai Suzhen (Spider:4)
  Xtahua (Vaults:2)
  5 curse toes
  2 caustic shrikes (Depths:2)
  The ghost of christhawk the Slayer, an adept MiHu of Okawaru (Vaults:3)
  10 golden dragons
  Arachne (Spider:3)
  3 electric golems
  A bone dragon (Depths:4)
  3 hellephants
  An Ice Fiend (Zot:5)
  26 Orb Guardians (Zot:5)
  A shard shrike skeleton (Crypt:1)
  5 liches
  16 tentacled monstrosities
  Asterion (Elf:2)
  The ghost of Vetissim the Earth Mage, an adept GrEE of Vehumet (Elf:1)
  2 deep elf blademasters (Elf:3)
  6 titans
  3 ancient champions
  An acid blob (Elf:1)
  11 quicksilver dragons
  A walking frostbound tome (Depths:2)
  2 deep elf master archers (Elf:3)
  An Executioner (D:1)
  5 sphinxes
  6 death cobs
  7 tengu reavers
  7 shadow dragons
  A tentacled starspawn (Vaults:3)
  12 storm dragons
  2 revenants
  8 draconian monks
  An azure jelly (Elf:1)
  12 fire giants
  Donald (Vaults:2)
  3 iron dragons (Zot:4)
  9 frost giants
  30 vault wardens
  6 draconian knights
  3 emperor scorpions (Spider:4)
  7 ghost moths
  5 deep elf elementalists
  3 draconian scorchers
  4 draconian shifters
  6 ghouls
  6 deep elf sorcerers
  A ghost moth (shapeshifter) (Depths:2)
  6 orc warlords
  23 very ugly things
  5 draconian stormcallers
  2 spriggan defenders
  A quicksilver ooze (Elf:1)
  A broodmother (Spider:3)
  A demonspawn corrupter (D:9)
  6 draconian annihilators
  7 war gargoyles
  2 curse skulls (Crypt:2)
  22 ironbound preservers
  22 stone giants
  6 ironbound thunderhulks
  6 deep elf demonologists
  9 vampire knights
  4 eleionomae
  9 green draconians
  7 black draconians
  Nessos (D:12)
  The ghost of Duteqan the Bludgeoner, a journeyman TrFi of Okawaru (Lair:4)
  A demonspawn black sun (D:9)
  A starcursed mass (Vaults:3)
  6 deep elf annihilators
  8 yellow draconians
  11 white draconians
  12 purple draconians
  6 red draconians
  6 dire elephants
  3 bunyips
  10 spark wasps
  2 green deaths
  6 deep elf death magi
  A merfolk impaler (Depths:2)
  3 crystal guardians
  15 ettins
  9 fire dragons
  8 eidola
  5 jiangshi
  6 entropy weavers
  A shambling mangrove (Swamp:4)
  17 yaktaur captains
  10 deep elf high priests
  10 great orbs of eyes
  9 ice dragons
  A hell beast (Zot:5)
  7 rakshasas
  A spriggan skeleton (Crypt:1)
  2 ogre magi
  4 peacekeepers
  22 hydras
  11 ironbound frosthearts
  A ghost crab (Swamp:4)
  A jorogumo (Spider:2)
  37 vault guards
  5 spriggan air magi
  A catoblepas (shapeshifter) (Depths:2)
  8 alligators
  4 radroaches
  2 death knights
  10 centaur warriors
  8 boulder beetles
  An Orb Guardian skeleton (Crypt:1)
  10 two-headed ogres
  33 dancing weapons
  4 tengu warriors
  15 hell hogs
  8 vampire magi
  7 deep troll shamans
  8 deep troll earth magi
  10 spriggan berserkers
  A thrashing horror (Vaults:3)
  18 deep elf knights
  An orc high priest (Orc:2)
  A soul eater (Crypt:2)
  17 hell knights
  18 skeletal warriors
  A sixfirhy (Depths:3)
  2 bunyip zombies
  2 shadow wraiths
  2 skysharks (Lair:5)
  A goliath frog (Swamp:4)
  4 iron trolls
  6 glowing orange brains
  A golden dragon zombie (Crypt:2)
  3 flayed ghosts
  3 sun moths
  An elf simulacrum (Crypt:1)
  51 deep trolls
  10 orb spiders
  19 deep elf archers
  5 spriggan druids
  17 phantasmal warriors
  23 ironbound convokers
  15 bog bodies
  11 wizards
  5 lindwurms
  9 steelbarb worms
  3 orc knights
  2 glowing orange brains (shapeshifter)
  14 swamp dragons
  9 necromancers
  2 harpies
  28 deep elf pyromancers
  Pikel (D:7)
  25 deep elf zephyrmancers
  A shadow demon (D:9)
  18 wolf spiders
  A stone giant zombie (D:15)
  2 mana vipers (shapeshifter)
  A worldbinder (Vaults:3)
  A shadow dragon skeleton (Crypt:1)
  4 cyclopes
  43 ugly things
  4 will-o-the-wisps
  13 orc sorcerers
  10 manticores
  38 moths of wrath
  A sphinx skeleton (D:15)
  16 elephants
  2 rust devils
  29 vault sentinels
  49 slime creatures
  4 black mambas
  Maurice (D:13)
  A smoke demon (Depths:4)
  3 ice statues (IceCv)
  2 eyes of devastation (Elf:1)
  6 torpor snails
  2 orange demons
  A torpor snail (shapeshifter) (Vaults:3)
  12 cane toads
  17 demonic crawlers
  Joseph (D:7)
  2 centaur skeletons (Crypt:1)
  An unseen horror (D:11)
  A dire elephant skeleton (Crypt:2)
  6 gargoyles
  14 komodo dragons
  3 kobold demonologists (D:11)
  A hellion (Vaults:3)
  Maggie (D:7)
  4 rime drakes
  A tormentor (D:1)
  2 iron troll zombies
  3 efreet
  44 yaktaurs
  A purple draconian skeleton (Crypt:2)
  A red devil (Depths:4)
  4 freezing wraiths
  A guardian mummy (D:15)
  7 trolls
  3 meliai (Spider:3)
  4 tengu conjurers
  A tarantella (shapeshifter) (Vaults:3)
  9 tyrant leeches
  A wind drake (shapeshifter) (Vaults:3)
  11 polar bears
  A bloated husk (Swamp:1)
  A harpy skeleton (Crypt:1)
  23 hornets
  8 blink frogs
  A great orb of eyes zombie (Crypt:1)
  11 dream sheep
  21 tarantellas
  3 flying skulls (Crypt:2)
  5 raiju (Lair:5)
  Sigmund (D:3)
  A slime creature (shapeshifter) (Vaults:3)
  An ice dragon zombie (Crypt:1)
  20 spriggans
  An ettin skeleton (Crypt:1)
  18 jumping spiders
  5 air elementals
  24 culicivoras
  3 shadows
  A ynoxinul (Depths:3)
  6 water elementals
  An ice dragon skeleton (Crypt:2)
  5 golden eyes (Elf:1)
  7 wyverns
  64 yaks
  A wind drake zombie (Crypt:1)
  9 wraiths
  A redback (shapeshifter) (D:8)
  3 basilisks
  4 fire elementals (Elf:3)
  6 steam dragons
  11 vampire mosquitoes
  55 redbacks
  A chaos spawn (Depths:4)
  A glowing shapeshifter zombie (D:15)
  3 death yak simulacra (IceCv)
  2 harpy simulacra (IceCv)
  Edmund (D:6)
  2 swamp worms (shapeshifter)
  3 large abominations (D:1)
  9 swamp worms
  11 wargs
  5 acid dragons
  17 water moccasins
  A glowing shapeshifter skeleton (Crypt:1)
  10 hell hounds (Lair:5)
  A naga zombie (Crypt:1)
  9 swamp drakes
  14 black bears
  A hornet zombie (D:5)
  27 orc warriors
  3 ice beasts
  A sky beast (D:7)
  2 boggarts (Vaults:1)
  16 wolves (Lair:5)
  11 ogres
  A blink frog skeleton (Crypt:2)
  15 centaurs
  4 lemures
  5 kobold brigands
  A gnoll sergeant (D:8)
  A yaktaur zombie (Crypt:1)
  13 bullfrogs
  4 earth elementals
  A fire crab zombie (Crypt:1)
  5 necrophages
  A cane toad simulacrum (IceCv)
  3 scorpions
  A wyvern skeleton (D:5)
  13 wights
  13 killer bees
  A tengu zombie (D:15)
  A swamp dragon simulacrum (Crypt:1)
  6 electric eels
  5 howler monkeys
  3 hounds
  25 orc priests
  Crazy Yiuf (D:3)
  2 jellies
  A bullfrog skeleton (D:5)
  A gnoll bouda (D:4)
  3 iguanas
  Jessica (D:2)
  37 orc wizards
  A sleepcap (D:5)
  A killer bee zombie (Crypt:2)
  3 polar bear simulacra (IceCv)
  The ghost of Athletesfoot the Ducker, a weakling MfGl (D:5)
  8 adders
  23 gnolls
  14 white imps
  An ufetubus (D:5)
  A lava snake skeleton (Crypt:1)
  A worm (D:2)
  A worm (shapeshifter) (Vaults:5)
  3 dart slugs
  90 orcs
  11 endoplasms
  3 giant cockroaches (D:1)
  6 goblins
  3 hobgoblins
  4 jackals (D:5)
  4 quokkas
  3 ball pythons
  8 bats
  2 frilled lizards
  17 kobolds
  A quokka skeleton (Crypt:2)
2390 creatures vanquished.

Vanquished Creatures (collateral kills)
  the Lernaean hydra (Swamp:4)
1 creature vanquished.

Vanquished Creatures (others)
  The ghost of growler the Cloud Mage, an adept TeAE of Hepliaklqana (Vaults:1)
  A fire dragon (Depths:2)
  An ogre mage (D:15)
  A two-headed ogre (D:15)
  A deep elf knight (Elf:2)
  A deep elf pyromancer (Elf:1)
  A moth of wrath (Zot:3)
  2 yaktaurs (D:15)
  2 bloated husks (Swamp:3)
  10 foxfires
  2 starspawn tentacles (Vaults:3)
23 creatures vanquished.

Grand Total: 2414 creatures vanquished

Notes
Turn   | Place    | Note
-------+----------+-------------------------------------------
     0 | D:1      | LordWeiramon the Armataur Summoner began the quest for the
                  | Orb.
     0 | D:1      | Reached XP level 1. HP: 14/14 MP: 3/3
   310 | D:1      | Reached skill level 1 in Fighting
   522 | D:1      | Reached XP level 2. HP: 24/24 MP: 4/4
  1272 | D:1      | Reached XP level 3. HP: 32/32 MP: 5/5
  1343 | D:2      | Found a shimmering blue altar of Sif Muna.
  1407 | D:2      | Noticed Jessica
  1431 | D:2      | Killed Jessica
  1432 | D:2      | Reached XP level 4. HP: 40/40 MP: 6/6
  1767 | D:1      | Reached skill level 1 in Polearms
  1792 | D:2      | Reached XP level 5. HP: 28/49 MP: 7/7
  2141 | D:2      | Found Ocvorig's Armour Boutique.
  2197 | D:2      | Bought a +0 cloak for 49 gold pieces
  2548 | D:3      | Found an iron altar of Okawaru.
  2665 | D:3      | Noticed Sigmund
  2675 | D:3      | Killed Sigmund
  2676 | D:3      | Reached XP level 6. HP: 49/55 MP: 8/8
  2792 | D:2      | Bought a +0 helmet for 49 gold pieces
  3481 | D:3      | Found a runed translucent door.
  3482 | D:3      | Noticed Crazy Yiuf
  3745 | D:4      | Learned a level 2 spell: Blink
  3756 | D:4      | Reached XP level 7. HP: 63/63 MP: 9/9
  4166 | D:5      | Entered Level 5 of the Dungeon
  4313 | D:5      | Reached skill level 5 in Polearms
  4599 | D:5      | Found a runed translucent gate.
  4599 | D:5      | Found a runed translucent gate.
  4599 | D:5      | Found a runed translucent gate.
  4626 | D:5      | Noticed Athletesfoot's ghost (weakling MfGl)
  4872 | D:5      | Reached XP level 8. HP: 65/70 MP: 10/10
  5399 | D:6      | Noticed Edmund
  5417 | D:6      | Killed Edmund
  5520 | D:6      | Learned a level 1 spell: Apportation
  5563 | D:6      | Reached skill level 1 in Armour
  5645 | D:6      | Reached skill level 2 in Armour
  5651 | D:6      | Reached skill level 3 in Armour
  5738 | D:6      | Reached skill level 4 in Armour
  5939 | D:6      | Reached skill level 5 in Armour
  5939 | D:6      | Reached XP level 9. HP: 74/75 MP: 11/11
  5949 | D:6      | Reached skill level 6 in Armour
  6273 | D:7      | Noticed Pikel
  6603 | D:7      | Found a staircase to the Ecumenical Temple.
  6612 | Temple   | Entered the Ecumenical Temple
  6612 | Temple   | Found a transporter.
  6612 | Temple   | Found a transporter.
  6614 | Temple   | Found a transporter.
  6614 | Temple   | Found a transporter.
  6632 | Temple   | Became a worshipper of Cheibriados the Contemplative
  6779 | D:7      | Noticed Maggie
  6786 | D:7      | Killed Maggie
  7037 | D:7      | Reached skill level 10 in Polearms
  7131 | D:7      | Killed Pikel
  7290 | D:7      | Noticed Joseph
  7312 | D:7      | Killed Joseph
  7313 | D:7      | Reached XP level 10. HP: 11/85 MP: 12/12
  7688 | D:5      | Reached * piety under Cheibriados
  7692 | D:5      | Reached skill level 5 in Fighting
  7695 | D:5      | Killed Athletesfoot's ghost
  7878 | D:8      | Found a staircase to the Lair.
  7878 | D:8      | Noticed an elephant
  7901 | D:8      | Killed an elephant
  7902 | D:8      | Reached skill level 7 in Armour
  7972 | D:8      | Reached skill level 8 in Armour
  8017 | D:8      | Reached skill level 1 in Shields
  8099 | D:8      | Found a runed translucent door.
  8100 | D:8      | Noticed a two-headed ogre
  8323 | D:8      | Found a runed translucent door.
  8357 | D:8      | Reached ** piety under Cheibriados
  8675 | D:9      | Found Fessomn's Distillery.
  8681 | D:9      | Bought a potion of might for 44 gold pieces
  8681 | D:9      | Bought a potion of heal wounds for 55 gold pieces
  8681 | D:9      | Bought a potion of brilliance for 44 gold pieces
  8702 | D:9      | Found Biwnuq's Armour Shoppe.
  8767 | D:9      | Found a large runed translucent door.
  8768 | D:9      | Found a large runed translucent door.
  8885 | D:9      | Reached skill level 5 in Shields
  9139 | D:9      | Noticed a two-headed ogre
  9153 | D:9      | Killed a two-headed ogre
  9361 | D:9      | Reached *** piety under Cheibriados
  9362 | D:9      | Reached XP level 11. HP: 79/92 MP: 13/13
  9388 | D:9      | Reached skill level 5 in Dodging
  9763 | D:9      | Found a shadowy altar of Dithmenos.
  9773 | D:9      | Found a blossoming altar of Fedhas.
  9885 | D:10     | Entered Level 10 of the Dungeon
 10107 | D:10     | Reached skill level 9 in Armour
 10717 | Lair:1   | Entered Level 1 of the Lair of Beasts
 10754 | Lair:1   | Reached skill level 10 in Armour
 10880 | Lair:1   | Reached **** piety under Cheibriados
 12009 | Lair:2   | Reached skill level 1 in Invocations
 12317 | Lair:2   | Reached XP level 12. HP: 95/100 MP: 13/15
 12360 | Lair:2   | Reached skill level 5 in Invocations
 12546 | Lair:2   | Reached ***** piety under Cheibriados
 12913 | D:2      | Bought the +3 Mad Mage's Maulers {Infuse+∞ VampMP -Cast}
                  | for 440 gold pieces
 12913 | D:2      | Found the +3 Mad Mage's Maulers {Infuse+∞ VampMP -Cast}
 13694 | Lair:3   | Noticed a five-headed hydra
 13698 | Lair:3   | Killed a five-headed hydra
 14080 | Lair:3   | Found a hole to the Spider Nest.
 14125 | Lair:3   | Found a staircase to the Swamp.
 14242 | Lair:3   | Noticed a seven-headed hydra
 14246 | Lair:3   | Killed a seven-headed hydra
 14770 | Lair:4   | Found a staircase to the Slime Pits.
 14771 | Lair:4   | Found a viscous altar of Jiyva.
 15013 | Lair:4   | Found a runed translucent gate.
 15013 | Lair:4   | Found a runed translucent gate.
 15013 | Lair:4   | Found a runed translucent gate.
 15014 | Lair:4   | Noticed Duteqan's ghost (journeyman TrFi)
 15133 | Lair:4   | Reached XP level 13. HP: 118/118 MP: 1/16
 15529 | Lair:5   | Entered Level 5 of the Lair of Beasts
 15553 | Lair:5   | Reached ****** piety under Cheibriados
 16203 | Lair:5   | Reached skill level 10 in Dodging
 16877 | Lair:5   | Reached XP level 14. HP: 126/126 MP: 1/17
 18251 | D:11     | Identified 3 scrolls of acquirement
 18251 | D:11     | Acquired a +3 demon trident of venom
 18411 | D:11     | Found a portal to a secret trove of treasure.
 18553 | D:11     | Found a frozen archway.
 18582 | D:11     | Reached skill level 14 in Armour
 18582 | D:11     | Reached XP level 15. HP: 133/133 MP: 4/18
 18582 | D:11     | Reached XP level 16. HP: 141/141 MP: 4/19
 18584 | IceCv    | Entered an ice cave
 18674 | IceCv    | Acquired the ring "Ukosaut" {Wiz rElec}
 18676 | IceCv    | Acquired the amulet "Xoph" {Reflect rCorr SH+5}
 18688 | IceCv    | Acquired 724 gold pieces
 20379 | D:12     | Found a staircase to the Orcish Mines.
 20736 | D:12     | Noticed Nessos
 20741 | D:12     | Killed Nessos
 20742 | D:12     | Reached skill level 1 in Evocations
 20870 | D:12     | Identified the +5 ring mail of Curiosity {Str+5}
 21987 | D:3      | Killed Crazy Yiuf
 22460 | D:8      | Reached skill level 5 in Evocations
 22718 | D:13     | Found a gate to the Vaults.
 22730 | D:13     | Reached skill level 10 in Fighting
 23844 | D:13     | Reached skill level 15 in Armour
 24162 | D:13     | Noticed Maurice
 24165 | D:13     | Killed Maurice
 25130 | D:14     | Reached skill level 16 in Armour
 25900 | D:14     | Reached XP level 17. HP: 149/149 MP: 0/20
 26303 | D:15     | Entered Level 15 of the Dungeon
 26510 | D:15     | Found a staircase to the Depths.
 28116 | Orc:1    | Entered Level 1 of the Orcish Mines
 28623 | Orc:1    | Reached skill level 10 in Shields
 28806 | Orc:1    | Reached skill level 17 in Armour
 29068 | Orc:2    | Entered Level 2 of the Orcish Mines
 29068 | Orc:2    | Found a staircase to the Elven Halls.
 29843 | Orc:2    | Gained mutation: You do not regenerate when monsters are
                  | visible. [a neqoxec]
 30184 | Orc:2    | Found Nuaqauje's Jewellery Emporium.
 30200 | Orc:2    | Bought the ring "Cettizua" {Contam rF+ rC+ Dex+2} for 526
                  | gold pieces
 30313 | Orc:2    | Found Xinn's Jewellery Shoppe.
 30337 | Orc:2    | Found a radiant altar of Vehumet.
 30444 | Orc:2    | Found Barydig's Antique Armour Emporium.
 30448 | Orc:2    | Paralysed by an orc sorcerer for 4 turns
 30524 | Orc:2    | Found an ancient bone altar of Kikubaaqudgha.
 30607 | Orc:2    | Reached skill level 18 in Armour
 30617 | Orc:2    | Found Paka Zoif's Distillery.
 30727 | Orc:2    | Bought a potion of flight for 42 gold pieces
 30727 | Orc:2    | Bought 2 potions of heal wounds for 140 gold pieces
 30727 | Orc:2    | Bought a potion of curing for 42 gold pieces
 30727 | Orc:2    | Bought a potion of curing for 42 gold pieces
 30855 | Orc:2    | Noticed Saint Roka
 30865 | Orc:1    | Lost mutation: You do not regenerate when monsters are
                  | visible. [potion of mutation]
 30865 | Orc:1    | Gained mutation: You have a pair of small antennae on your
                  | head. [potion of mutation]
 30865 | Orc:1    | Gained mutation: Your flesh is cold resistant. (rC+)
                  | [potion of mutation]
 30865 | Orc:1    | Gained mutation: Potions are less effective at restoring
                  | your health. [potion of mutation]
 30865 | Orc:1    | Gained mutation: Your flesh is very cold resistant. (rC++)
                  | [potion of mutation]
 30865 | Orc:1    | Gained mutation: Your spells are a little harder to cast,
                  | but a little more powerful. [potion of mutation]
 31266 | Orc:2    | Killed Saint Roka
 31962 | Spider:1 | Entered Level 1 of the Spider Nest
 32862 | Spider:1 | Reached skill level 19 in Armour
 34836 | Spider:2 | Reached skill level 20 in Armour
 36855 | Spider:3 | Reached XP level 18. HP: 157/157 MP: 2/21
 37420 | Spider:3 | Noticed Arachne
 37423 | Spider:3 | Reached skill level 21 in Armour
 37431 | Spider:3 | Killed Arachne
 38706 | Spider:4 | Entered Level 4 of the Spider Nest
 38748 | Spider:4 | Noticed Bai Suzhen
 38764 | Spider:4 | Killed Bai Suzhen
 38914 | Spider:4 | Reached skill level 22 in Armour
 40490 | Spider:4 | Got a gossamer rune of Zot
 40630 | Swamp:1  | Entered Level 1 of the Swamp
 45315 | Swamp:4  | Entered Level 4 of the Swamp
 45319 | Swamp:4  | Reached XP level 19. HP: 163/164 MP: 1/22
 47099 | Swamp:4  | Noticed the 27-headed Lernaean hydra
 47101 | Swamp:4  | Killed the 27-headed Lernaean hydra
 47459 | Swamp:4  | Got a decaying rune of Zot
 48463 | Elf:1    | Entered Level 1 of the Elven Halls
 48950 | Elf:1    | Found a runed translucent gate.
 48950 | Elf:1    | Found a runed translucent gate.
 48950 | Elf:1    | Found a runed translucent gate.
 48953 | Elf:1    | Noticed Vetissim's ghost (adept GrEE)
 48956 | Elf:1    | Found a viscous altar of Jiyva.
 49153 | Elf:1    | Reached skill level 15 in Dodging
 51643 | Elf:2    | Found a runed translucent gate.
 51643 | Elf:2    | Found a runed translucent gate.
 51763 | Elf:2    | Found a runed translucent gate.
 51793 | Elf:2    | Paralysed by an air elemental for 1 turns
 51864 | Elf:2    | Found Nudis's Distillery.
 51881 | Elf:2    | Bought a potion of cancellation for 144 gold pieces
 51881 | Elf:2    | Bought a potion of curing for 54 gold pieces
 51881 | Elf:2    | Bought a potion of curing for 54 gold pieces
 51982 | Elf:2    | Found Ecoluv's Magic Scroll Emporium.
 51987 | Elf:2    | Bought a scroll of blinking for 112 gold pieces
 51987 | Elf:2    | Bought a scroll of butterflies for 60 gold pieces
 52098 | Elf:2    | Noticed Asterion
 52106 | Elf:2    | Killed Asterion
 53229 | Elf:2    | Reached XP level 20. HP: 147/181 MP: 11/23
 54161 | Elf:3    | Entered Level 3 of the Elven Halls
 54481 | Elf:3    | Found Hoqun's Self-Improvement Boutique.
 54487 | Elf:3    | Bought a manual of Dodging for 1120 gold pieces
 55324 | Elf:3    | Identified the +1 ring mail of Zaeskurit {rPois MP+9}
 55640 | Elf:3    | Identified the ring of Qaerusma {rF- rN+++ rCorr Dex-4
                  | Slay+4}
 55651 | Elf:3    | Identified the ring "Ywoeqe" {Ice rElec}
 55715 | Elf:3    | Identified the ring "Heewnal" {rC+ rCorr Dex-4 Slay+5 SInv}
 55801 | Elf:3    | Identified the ring "Bypp" {Will+ rCorr}
 55833 | Elf:3    | Identified the +7 dagger of Qucreif {speed, Str-5 Int+7}
 55840 | Elf:3    | Identified the +7 trident "Undertaker" {flame, +Blink
                  | Str+4}
 55852 | Elf:3    | Identified the +7 mace "Quarr" {drain, *Corrode Int-3 Dex+8
                  | Stlth+}
 55963 | Elf:3    | Identified the +5 plate armour of Attis {Slay+5}
 55963 | Elf:3    | Identified the ring of Bedeasin {Will+ Int+4}
 56242 | Elf:3    | Got the Catalogue of the Tropics
 56272 | Elf:3    | Identified the +0 helmet of Bitalire {rElec rC++ rCorr
                  | Int+2}
 56453 | Vaults:1 | Entered Level 1 of the Vaults
 56789 | Vaults:1 | Found a runed translucent gate.
 56789 | Vaults:1 | Found a runed translucent gate.
 56789 | Vaults:1 | Found a runed translucent gate.
 56791 | Vaults:1 | Noticed growler's ghost (adept TeAE)
 57047 | Abyss:3  | Found a corrupted altar of Lugonu.
 57047 | Abyss:3  | Cast into level 3 of the Abyss (a wizard)
 57068 | Vaults:1 | Escaped the Abyss
 57350 | Vaults:1 | Got Opunireis's Tome of Imprecation and Firn
 58184 | Vaults:1 | Reached skill level 15 in Fighting
 58399 | Vaults:1 | Reached XP level 21. HP: 179/196 MP: 8/24
 58414 | Vaults:1 | Killed growler's ghost
 58422 | Vaults:1 | Identified the +1 pair of gloves of the Apricot {Int+2}
 58424 | Vaults:1 | Identified the ring of Qazlal's Generosity {Contam rF+
                  | Str+6 Int+2 Dex+6}
 59157 | Vaults:2 | Noticed Xtahua
 59176 | Vaults:2 | Killed Xtahua
 60547 | Vaults:2 | Found a staircase to the Crypt.
 60953 | Vaults:2 | Reached skill level 10 in Evocations
 60976 | Vaults:2 | Noticed Donald
 60987 | Vaults:2 | Killed Donald
 62461 | Vaults:3 | Found a transporter.
 62462 | Vaults:3 | Noticed christhawk's ghost (adept MiHu)
 62463 | Vaults:3 | Found a transporter.
 62981 | Vaults:3 | Found Cuf Juoc's Antique Weapon Shop.
 64804 | Vaults:4 | Reached XP level 22. HP: 206/206 MP: 5/25
 66209 | Vaults:4 | Reached skill level 15 in Shields
 68245 | Vaults:3 | Reached skill level 15 in Polearms
 68543 | Vaults:3 | Found a one-way gate to the infinite horrors of the Abyss.
 68615 | Vaults:3 | Killed christhawk's ghost
 68774 | Vaults:3 | Identified the staff of cold "Vyvaprel" {rC+ Str+4}
 68998 | Elf:1    | Killed Vetissim's ghost
 69357 | Lair:4   | Killed Duteqan's ghost
 69607 | D:9      | Bought a potion of curing for 33 gold pieces
 69607 | D:9      | Bought a potion of flight for 33 gold pieces
 69607 | D:9      | Bought a potion of curing for 33 gold pieces
 69607 | D:9      | Bought a potion of curing for 33 gold pieces
 69607 | D:9      | Bought 2 potions of curing for 66 gold pieces
 69703 | Depths:1 | Entered Level 1 of the Depths
 70817 | Depths:1 | Found a sparkling altar of Nemelex Xobeh.
 70914 | Depths:1 | Found a gateway to Hell.
 71353 | Depths:1 | Found a glowing golden altar of the Shining One.
 71591 | Depths:2 | Found a one-way gate leading to the halls of Pandemonium.
 72695 | Depths:2 | Reached XP level 23. HP: 210/214 MP: 1/26
 72700 | Depths:2 | Noticed a dread lich
 72710 | Depths:2 | Killed a dread lich
 73012 | Depths:2 | Identified the +1 chain mail of Wonder {Regen+ Dex+3
                  | Slay+3}
 73645 | Depths:2 | Found Hihe's Jewellery Emporium.
 74087 | Depths:2 | Noticed a caustic shrike
 74091 | Depths:2 | Noticed a caustic shrike
 74099 | Depths:2 | Killed a caustic shrike
 74106 | Depths:2 | Killed a caustic shrike
 74786 | Depths:2 | Found a runed translucent door.
 74787 | Depths:2 | Found a runed translucent door.
 74787 | Depths:2 | Found a runed translucent door.
 74801 | Depths:2 | Identified the +6 hand axe of Havoc {freeze, Int+6}
 75621 | Depths:3 | Paralysed by an air elemental for 1 turns
 75824 | Depths:3 | Identified the +3 chain mail "Qacrael" {rF+ MP+9}
 75870 | Depths:3 | Noticed an ancient lich
 75876 | Depths:3 | Killed an ancient lich
 75898 | Depths:3 | Identified the staff of fire "Jycseg" {rF+ Str+5 Dex-3}
 76077 | Depths:3 | Found Levuupp's Antique Armour Boutique.
 76129 | Depths:3 | Found Taddaoti's Antique Armour Boutique.
 76129 | Depths:3 | Found Ciwaih's Weapon Shop.
 76136 | Depths:3 | Found Ixujare's Distillery.
 76163 | Depths:3 | Bought a potion of heal wounds for 115 gold pieces
 76163 | Depths:3 | Bought a potion of resistance for 230 gold pieces
 76163 | Depths:3 | Bought a potion of heal wounds for 115 gold pieces
 76163 | Depths:3 | Bought a potion of cancellation for 184 gold pieces
 76163 | Depths:3 | Bought a potion of resistance for 230 gold pieces
 76163 | Depths:3 | Bought a potion of curing for 69 gold pieces
 76496 | Depths:3 | Found a one-way gateway to a ziggurat.
 77688 | Depths:4 | Entered Level 4 of the Depths
 78140 | Depths:4 | Reached XP level 24. HP: 220/221 MP: 0/26
 78430 | Depths:4 | Found a gate to the Realm of Zot.
 78656 | Depths:4 | Reached skill level 23 in Armour
 80099 | Depths:4 | Found Wuneus's Assorted Antiques.
 80109 | Depths:4 | Bought a scroll of teleportation for 69 gold pieces
 80109 | Depths:4 | Bought a wand of roots (5) for 276 gold pieces
 80725 | Vaults:5 | Entered Level 5 of the Vaults
 80758 | Vaults:4 | Reached skill level 24 in Armour
 81491 | Vaults:5 | Reached skill level 25 in Armour
 82971 | Vaults:5 | Reached skill level 26 in Armour
 83162 | Vaults:5 | Found Zalet's Armour Shoppe.
 83172 | Vaults:5 | Got a silver rune of Zot
 83397 | Vaults:5 | Identified the +5 whip "Caiddupp" {freeze, rElec Str+5
                  | Int-2 Stlth+}
 83575 | Vaults:5 | Identified the staff of death "Japn" {rF- rN+ Str+6}
 83746 | Vaults:5 | Noticed an ancient lich
 83761 | Vaults:5 | Killed an ancient lich
 84207 | Vaults:5 | Identified the ring of Fyudui Ofao {rPois rN++ Str+6 Slay+2
                  | SInv}
 84215 | Vaults:5 | Reached skill level 27 in Armour
 84811 | Crypt:1  | Entered Level 1 of the Crypt
 84856 | Crypt:1  | Reached XP level 25. HP: 226/228 MP: 6/26
 85397 | Crypt:1  | You are sucked into a shaft and drop 1 floor!
 85440 | Crypt:2  | Noticed Sojobo
 85460 | Crypt:2  | Paralysed by an air elemental for 1 turns
 85569 | Crypt:2  | Killed Sojobo
 85601 | Crypt:2  | Identified the ring "Fuole" {rElec rPois rF+ rN+ Int+2}
 88271 | Zot:1    | Entered Level 1 of the Realm of Zot
 88420 | Zot:1    | Reached skill level 1 in Throwing
 88847 | Zot:1    | Noticed an orb of fire
 88854 | Zot:1    | Killed an orb of fire
 89034 | Zot:1    | Reached skill level 5 in Throwing
 91673 | Zot:2    | Noticed a Killer Klown
 91684 | Zot:2    | Killed a Killer Klown
 92216 | Zot:3    | Reached skill level 10 in Throwing
 92372 | Zot:3    | Reached XP level 26. HP: 215/237 MP: 2/26
 94628 | Zot:4    | Noticed Parghit
 94739 | Zot:4    | Killed Parghit
 94860 | Zot:4    | Noticed Vv
 94903 | Zot:4    | Killed Vv
 97964 | Zot:5    | Entered Level 5 of the Realm of Zot
 97995 | Zot:5    | Noticed an orb of fire
 98006 | Zot:5    | Gained mutation: You sometimes lose your temper in combat.
                  | [an orb of fire]
 98009 | Zot:5    | Gained mutation: You have hidden genetic defects. [an orb
                  | of fire]
 98010 | Zot:5    | Killed an orb of fire
 98032 | Zot:5    | Reached skill level 15 in Throwing
 98039 | Zot:5    | Lost mutation: Your flesh is very cold resistant. (rC++)
                  | [potion of mutation]
 98039 | Zot:5    | Lost mutation: Your spells are a little harder to cast, but
                  | a little more powerful. [potion of mutation]
 98039 | Zot:5    | Lost mutation: You have hidden genetic defects. [potion of
                  | mutation]
 98039 | Zot:5    | Lost mutation: You sometimes lose your temper in combat.
                  | [potion of mutation]
 98039 | Zot:5    | Gained mutation: You have hidden genetic defects. [potion
                  | of mutation]
 98039 | Zot:5    | Gained mutation: You possess an exceptional clarity of
                  | mind. [potion of mutation]
 98039 | Zot:5    | Gained mutation: You are partially covered in large bone
                  | plates. (SH +4) [potion of mutation]
 98039 | Zot:5    | Gained mutation: Your tail ends in a venomous barb. [potion
                  | of mutation]
 98039 | Zot:5    | Gained mutation: You are partially covered in iridescent
                  | scales. (AC +2) [potion of mutation]
 98039 | Zot:5    | Gained mutation: You expend magic power (3 MP) to
                  | strengthen your wands. [potion of mutation]
 98039 | Zot:5    | Gained mutation: You have supernaturally acute eyesight.
                  | (SInv) [potion of mutation]
 98135 | Zot:5    | Lost mutation: Your flesh is cold resistant. (rC+) [potion
                  | of mutation]
 98135 | Zot:5    | Lost mutation: You have supernaturally acute eyesight.
                  | (SInv) [potion of mutation]
 98135 | Zot:5    | Lost mutation: You possess an exceptional clarity of mind.
                  | [potion of mutation]
 98135 | Zot:5    | Lost mutation: You have hidden genetic defects. [potion of
                  | mutation]
 98135 | Zot:5    | Gained mutation: You have hidden genetic potential. [potion
                  | of mutation]
 98135 | Zot:5    | Gained mutation: Your spells are a little easier to cast,
                  | but a little less powerful. [potion of mutation]
 98135 | Zot:5    | Gained mutation: You passively dampen the noise of your
                  | surroundings. [potion of mutation]
 98175 | Zot:5    | Found a transporter.
 98177 | Zot:5    | Found a transporter.
 98223 | Zot:5    | Found a transporter.
 98229 | Zot:5    | Found a transporter.
 98231 | Zot:5    | Found a transporter.
 98231 | Zot:5    | Found a transporter.
 99622 | Zot:5    | Noticed a dread lich
 99634 | Zot:5    | Killed a dread lich
 99651 | Zot:5    | Noticed an orb of fire
 99653 | Zot:5    | Noticed an orb of fire
 99656 | Zot:5    | Noticed an orb of fire
 99658 | Zot:5    | Gained mutation: Potions cannot restore your health. [an
                  | orb of fire]
 99660 | Zot:5    | Killed an orb of fire
 99660 | Zot:5    | Noticed an orb of fire
 99665 | Zot:5    | Gained mutation: You are vulnerable to cold. (rC-) [an orb
                  | of fire]
 99666 | Zot:5    | Killed an orb of fire
 99676 | Zot:5    | Noticed an ancient lich
 99679 | Zot:5    | Killed an orb of fire
 99682 | Zot:5    | Lost mutation: You are vulnerable to cold. (rC-) [potion of
                  | mutation]
 99682 | Zot:5    | Lost mutation: Your tail ends in a venomous barb. [potion
                  | of mutation]
 99682 | Zot:5    | Lost mutation: You are partially covered in iridescent
                  | scales. (AC +2) [potion of mutation]
 99682 | Zot:5    | Lost mutation: You have a pair of small antennae on your
                  | head. [potion of mutation]
 99682 | Zot:5    | Lost mutation: You expend magic power (3 MP) to strengthen
                  | your wands. [potion of mutation]
 99682 | Zot:5    | Lost mutation: You are partially covered in large bone
                  | plates. (SH +4) [potion of mutation]
 99682 | Zot:5    | Gained mutation: Your tail ends in a venomous barb. [potion
                  | of mutation]
 99682 | Zot:5    | Gained mutation: You are weak. (Str -2) [potion of
                  | mutation]
 99682 | Zot:5    | Gained mutation: You have sharp toenails. [potion of
                  | mutation]
 99682 | Zot:5    | Gained mutation: You expend magic power (3 MP) to
                  | strengthen your wands. [potion of mutation]
 99682 | Zot:5    | Gained mutation: You are robust. (+10% HP) [potion of
                  | mutation]
 99683 | Zot:5    | Lost mutation: You have hidden genetic potential. [potion
                  | of mutation]
 99683 | Zot:5    | Lost mutation: You are weak. (Str -2) [potion of mutation]
 99683 | Zot:5    | Lost mutation: You expend magic power (3 MP) to strengthen
                  | your wands. [potion of mutation]
 99683 | Zot:5    | Lost mutation: You are robust. (+10% HP) [potion of
                  | mutation]
 99683 | Zot:5    | Lost mutation: You have sharp toenails. [potion of
                  | mutation]
 99683 | Zot:5    | Gained mutation: You have an increased reservoir of magic.
                  | (+10% MP) [potion of mutation]
 99683 | Zot:5    | Gained mutation: Your muscles are strong. (Str +4, Int/Dex
                  | -1) [potion of mutation]
 99683 | Zot:5    | Gained mutation: You are partially covered in iridescent
                  | scales. (AC +2) [potion of mutation]
 99683 | Zot:5    | Gained mutation: You have a pair of small antennae on your
                  | head. [potion of mutation]
 99684 | Zot:5    | Lost mutation: You have an increased reservoir of magic.
                  | (+10% MP) [potion of mutation]
 99684 | Zot:5    | Lost mutation: You have a pair of small antennae on your
                  | head. [potion of mutation]
 99684 | Zot:5    | Lost mutation: You are partially covered in iridescent
                  | scales. (AC +2) [potion of mutation]
 99684 | Zot:5    | Lost mutation: Your spells are a little easier to cast, but
                  | a little less powerful. [potion of mutation]
 99684 | Zot:5    | Gained mutation: You have hidden genetic potential. [potion
                  | of mutation]
 99684 | Zot:5    | Gained mutation: You expend magic power (3 MP) to
                  | strengthen your wands. [potion of mutation]
 99685 | Zot:5    | Lost mutation: Your muscles are strong. (Str +4, Int/Dex
                  | -1) [potion of mutation]
 99685 | Zot:5    | Lost mutation: You have hidden genetic potential. [potion
                  | of mutation]
 99685 | Zot:5    | Lost mutation: You passively dampen the noise of your
                  | surroundings. [potion of mutation]
 99685 | Zot:5    | Lost mutation: Your tail ends in a venomous barb. [potion
                  | of mutation]
 99685 | Zot:5    | Lost mutation: You expend magic power (3 MP) to strengthen
                  | your wands. [potion of mutation]
 99685 | Zot:5    | Lost mutation: Potions cannot restore your health. [potion
                  | of mutation]
 99685 | Zot:5    | Gained mutation: You occasionally lose the ability to drink
                  | potions when taking damage. [potion of mutation]
 99685 | Zot:5    | Gained mutation: Your flesh is heat resistant. (rF+)
                  | [potion of mutation]
 99685 | Zot:5    | Gained mutation: You are partially covered in iridescent
                  | scales. (AC +2) [potion of mutation]
 99685 | Zot:5    | Gained mutation: Your magical capacity is low. (-10% MP)
                  | [potion of mutation]
 99685 | Zot:5    | Gained mutation: You are somewhat resistant to further
                  | mutation. [potion of mutation]
 99688 | Zot:5    | Gained mutation: Your magical capacity is very low. (-20%
                  | MP) [an orb of fire]
 99697 | Zot:5    | Killed an orb of fire
 99702 | Zot:5    | Killed an ancient lich
 99708 | Zot:5    | Reached XP level 27. HP: 95/250 MP: 1/21
100402 | Zot:5    | Noticed an orb of fire
100404 | Zot:5    | Noticed an orb of fire
100415 | Zot:5    | Killed an orb of fire
100423 | Zot:5    | Killed an orb of fire
101374 | Zot:5    | Lost mutation: You are somewhat resistant to further
                  | mutation. [potion of mutation]
101374 | Zot:5    | Lost mutation: You occasionally lose the ability to drink
                  | potions when taking damage. [potion of mutation]
101374 | Zot:5    | Lost mutation: Potions are less effective at restoring your
                  | health. [potion of mutation]
101374 | Zot:5    | Lost mutation: Your flesh is heat resistant. (rF+) [potion
                  | of mutation]
101374 | Zot:5    | Lost mutation: Your magical capacity is very low. (-20% MP)
                  | [potion of mutation]
101374 | Zot:5    | Lost mutation: You are partially covered in iridescent
                  | scales. (AC +2) [potion of mutation]
101374 | Zot:5    | Gained mutation: You are robust. (+10% HP) [potion of
                  | mutation]
101374 | Zot:5    | Gained mutation: You occasionally shout uncontrollably at
                  | your foes. [potion of mutation]
101374 | Zot:5    | Gained mutation: You have hidden genetic potential. [potion
                  | of mutation]
101445 | Zot:5    | Got the Orb of Zot
101644 | Depths:4 | Noticed Xoutexiy the pandemonium lord
101964 | D:$      | Escaped with the Orb!

Illustrated notes

Levels and vault maps discovered:
D:1:      dpeg_arrival_simpleton_c, layout_basic,
          chequers_serial_rivers_micro_d, minmay_tetromino_o4
D:2:      layout_loops_ring, serial_shops, nicolae_shop_tiny_glass, basic_altar,
          uniq_jessica
D:3:      layout_basic, nicolae_overflow_hidden_temple, uniq_crazy_yiuf_cottage,
          uniq_sigmund
D:4:      layout_cave_pools, hangedman_decor_diamond_cutter
D:5:      minmay_recursive_quarters, layout_basic, gammafunk_ghost_necromancy
D:6:      layout_loops_cross, minmay_fractal_squares_5, uniq_edmund
D:7:      layout_basic, minmay_temple_entry_large_hall, uniq_pikel, uniq_joseph,
          uniq_maggie
D:8:      cheibrodos_histonic, layout_loops_ring, david_lair_generic,
          kennysheep_doodads
D:9:      layout_loops_corners, jmf_multi_god_temple2, serial_shops, shop,
          minmay_shop_grid_forest
D:10:     layout_basic, serial_rivers, chequers_serial_rivers_room_b,
          chequers_serial_rivers_marsh, chequers_serial_rivers_room_b,
          chequers_serial_rivers_room_b
D:11:     layout_layer_cave, enter_trove_3, portal_ice_cave_entry_imps
D:12:     layout_rooms, orc_0_dummy, beargit_elvish_explorers, uniq_nessos
D:13:     layout_basic, david_vaults_2, kennysheep_potato, uniq_maurice
D:14:     four-leaf_vault, layout_basic, minmay_misc_feat_five
D:15:     gammafunk_depths_entry_grave, layout_gridville
Temple:   hellmonk_temple_divided_pantheon
Lair:1:   layout_loops_ring, lemuel_fruit_tree
Lair:2:   layout_chaotic_city, serial_bayou_lake_a
Lair:3:   layout_concentric_octagons, skrybe_swamp_entry_bodies,
          nicolae_spider_entry_orb_guardian, serial_bayou_shore_b
Lair:4:   layout_concentric_octagons, slime_entry_1, ebering_ghost_rock_garden,
          grunt_megastairs_2
Lair:5:   guppyfry_lair_end_dragon, layout_loops_ring,
          hangedman_lair_caniforms_friends
Swamp:1:  nicolae_swamp_secret_spriggan_hideout, layout_basic_swamp,
          hangedman_swamp_ruin_wall, infiniplex_staircase_pool
Swamp:2:  layout_falls_marsh, evilmike_swamp_ruin_house_3
Swamp:3:  layout_falls_marsh, evilmike_swamp_ruin_rubble_2
Swamp:4:  grunt_swamp_rune_castle, layout_basic_swamp
Spider:1: layout_spider_delve
Spider:2: layout_spider_delve
Spider:3: layout_spider_delve, worms_lemuel, uniq_arachne
Spider:4: spider_rune_water, einodemon_crawler_minivault, uniq_bai_suzhen
Orc:1:    layout_diamond_mine, nicolae_orc_flooded_monolith
Orc:2:    kennysheep_orc_mage_school, layout_diamond_mine, special_room,
          uniq_saint_roka
Elf:1:    eino_elf_arrival_sip, layout_geoelf_grid, gammafunk_ghost_ooze,
          minmay_elf_crystal_heptagon
Elf:2:    elven_hall_of_blades_hangedman_original [nicolae_blade_lattice],
          layout_gridlike, serial_shops, nicolae_shop_industrial_runoff, shop,
          st_stairs_5, evilmike_minifort, uniq_asterion
Elf:3:    minmay_elf_hall_x, layout_rooms, nicolae_shop_self_help
Vaults:1: gammafunk_ghost_tricky_traps, grunt_vaults_funnel, v_misc_4,
          nicolae_vaults_frosty_reception, nicolae_vaults_apartment_1,
          vaults_room_pools, nicolae_vaults_ninety_degrees,
          hangedman_vaults_stream, vaults_mumra_hex,
          nicolae_vaults_circle_grid_a, nicolae_vaults_double_plus_1,
          layout_vaults_big_room
Vaults:2: vaults_room_corners, v_pattern_1, minmay_crypt_entry_simple_walls,
          st_diamondy, nicolae_vaults_trapezoid_3, nicolae_vaults_wine_cellar,
          nicolae_vaults_hallways_thing, nicolae_vaults_border_crossing,
          grunt_vaults_focal, nicolae_vaults_network_quinsquares
          [nicolae_vaults_network_quincunx_subvault,
          nicolae_vaults_network_quincunx_subvault,
          nicolae_vaults_network_quincunx_subvault,
          nicolae_vaults_network_quincunx_subvault], v_misc_25,
          nicolae_vaults_sesquioval_fish, v_misc_14,
          nicolae_vaults_ring_of_whatevers, layout_vaults_ring, uniq_donald,
          uniq_xtahua
Vaults:3: gammafunk_ghost_abyssal_escape, nicolae_vaults_octothorpe,
          nicolae_vaults_stepped_doors, vaults_room_stairs_pillars,
          nicolae_vaults_mini_display_case, nicolae_vaults_more_shelving_1,
          nicolae_vaults_trapezoid_lopsided_1, v_pattern_3, v_rooms_2,
          nicolae_vaults_more_shelving_2, ontoclasm_vaults_gateway,
          vaults_dpeg_ring, nicolae_vaults_loss_of_containment,
          vaults_dpeg_cross, layout_vaults_omnicross, serial_shops, shop,
          uniq_margery
Vaults:4: nicolae_vaults_trapezoid_lopsided_1, nicolae_vaults_big_ls,
          nicolae_vaults_museum, ontoclasm_vaults_ring_square,
          nicolae_vaults_diagonal_hallway_7, vaults_room_boxed,
          vaults_room_hallway, vaults_room_ringed_pool,
          nicolae_vaults_spaceships, vaults_dpeg_encased_lava,
          nicolae_vaults_tetromino_Z_2, nicolae_vaults_apartment_1,
          layout_vaults_omnigrid
Vaults:5: serial_shops
Crypt:1:  layout_rooms, grunt_megastairs_3
Crypt:2:  layout_catacombs, uniq_sojobo
Depths:1: layout_roguey, nemelex_spade_bored_becter, grunt_hell_horde,
          abyss_entry, tso_metal_star
Depths:2: minmay_the_grid_triangle_9x9_rhombus_full_mashed
          [minmay_the_grid_triangle_9x9_fully_insulated_deathbox,
          minmay_the_grid_triangle_9x9_steps,
          minmay_the_grid_triangle_9x9_dagger,
          minmay_the_grid_triangle_9x9_impossible_snake,
          minmay_the_grid_triangle_9x9_corrupted_corridor,
          minmay_the_grid_triangle_9x9_sparse_checkered,
          minmay_the_grid_triangle_9x9_alien,
          minmay_the_grid_triangle_9x9_prize_insulated], layout_cave_pools,
          serial_shops, nicolae_shop_hallway_plus, hell_entry, pan_entry,
          moated_statue, minmay_misc_feat_rows, nzn_random_ring,
          minmay_staircase_bubble
Depths:3: constructs_gauntlet_mu_hangedman, layout_gridlike, enter_ziggurat_d,
          rand_demon_pan_entry_8, hell_entry, abyss_entry_small_statue_room,
          minmay_shoptagon
Depths:4: evilmike_zot_entry_diamond, layout_honeycomb, rand_demon_pan_entry_1,
          serial_shops, shop, hangedman_abyss_or_decor_slice, hell_entry
Zot:1:    layout_basic, grunt_megastairs_1
Zot:2:    layout_concentric_octagons
Zot:3:    layout_basic, hangedman_zot_wheel_spokes
Zot:4:    hangedman_zot_vaults_quadrants, layout_onion_interference, uniq_vv,
          uniq_parghit
Zot:5:    layout_twisted_circle, grunt_ministairs_8, serial_nicolae_subway,
          nicolae_sub_station_crystal, nicolae_sub_station_metal,
          nicolae_sub_station_stone

Skill      XL: |  1  2  3  4  5  6  7  8  9 10 11 12 13 14 15 16 17 18 19 20 21 22 23 24 25 26 27 |
---------------+----------------------------------------------------------------------------------+-----
Fighting       | 1 2 3 4 5 9 10 12 15 16 18 | 18.4
Polearms       | 1 3 4 6 8 10 12 13 14 17 20 | 20.0
Armour         | 5 6 8 10 14 16 20 22 27 | 27.0
Shields        | 5 6 10 13 15 | 15.0
Dodging        | 4 5 6 10 13 15 17 19 | 19.1
Invocations    | 4 5 |  5.2
Evocations     | 5 11 | 11.0
Throwing       | 10 16 | 16.0
Stealth        | |  2.1
Spellcasting   | |  1.7
Summonings     | |  3.2

Action                     |  1- 3 |  4- 6 |  7- 9 | 10-12 | 13-15 | 16-18 | 19-21 | 22-24 | 25-27 || total
---------------------------+-------+-------+-------+-------+-------+-------+-------+-------+-------++-------
  Melee: Unarmed           |    14 |       |       |       |       |       |       |       |       ||    14
         Tailslap          |    17 |    12 |    48 |   149 |    89 |   258 |   254 |   412 |   263 ||  1502
         Dagger            |    80 |    50 |       |       |       |       |       |       |       ||   130
         Spear             |       |    92 |   373 |   790 |   434 |       |       |       |       ||  1689
         Punch             |       |     1 |     5 |     2 |       |       |       |       |       ||     8
         Demon trident     |       |       |       |       |    64 |  1545 |  1500 |  1850 |  1224 ||  6183
         Trident           |       |       |       |       |    41 |       |       |       |       ||    41
  Throw: Dart              |       |       |     7 |     4 |       |       |       |       |       ||    11
         Boomerang         |       |       |       |       |       |       |       |       |    62 ||    62
         Javelin           |       |       |       |       |       |       |       |       |     3 ||     3
 Invoke: Slouch            |       |       |       |       |       |     3 |     4 |     3 |       ||    10
         Bend Time         |       |       |       |       |       |       |       |       |     1 ||     1
         Temporal Distorti |       |       |       |       |       |       |       |       |     1 ||     1
  Evoke: Wand              |       |       |       |     3 |       |     5 |       |     3 |     1 ||    12
         Condenser vane    |       |       |       |       |       |     2 |     3 |     1 |     3 ||     9
         Phantom mirror    |       |       |       |       |       |       |     1 |     1 |     2 ||     4
         Lightning rod     |       |       |       |       |       |       |       |     4 |       ||     4
    Use: Scroll            |       |     5 |     1 |     7 |    14 |    13 |     8 |    13 |    19 ||    80
         Potion            |       |       |       |     3 |     1 |     5 |     5 |    13 |    26 ||    53
   Stab: Invisible         |       |       |       |     1 |       |     8 |       |    14 |    13 ||    36
         Distracted        |       |       |       |       |       |     3 |     3 |     3 |     2 ||    11
         Paralysed         |       |       |       |       |       |     2 |       |       |       ||     2
         Confused          |       |       |       |       |       |       |     4 |       |       ||     4
 Armour: Robe              |     5 |       |       |       |       |       |       |       |       ||     5
         Chain mail        |    61 |    55 |   169 |   211 |   133 |   187 |       |       |       ||   816
         Plate armour      |       |       |       |       |       |   216 |       |       |       ||   216
         Storm dragon scal |       |       |       |       |       |   149 |   294 |   452 |   290 ||  1185
  Dodge: Dodged            |    27 |    22 |    57 |   121 |   147 |   475 |   365 |   484 |   404 ||  2102
  Block: Buckler           |       |       |       |    57 |    89 |   114 |       |       |       ||   260
         Reflection        |       |       |       |       |       |    57 |   107 |    79 |    10 ||   253
         Kite shield       |       |       |       |       |       |   967 |   629 |       |       ||  1596
         Tower shield      |       |       |       |       |       |       |   155 |  1418 |   954 ||  2527
